 Dungeon Crawl Stone Soup version 0.28.0-1-gb440e238dd (webtiles) character file.

Game seed: 13772180588792768295

65 themarg the Caller (level 4, -5/31 HPs)
             Began as a Merfolk Summoner on Feb 20, 2022.
             Succumbed to Sigmund's poison
             ... on level 1 of the Dungeon.
             The game lasted 00:08:40 (2178 turns).

themarg the Caller (Merfolk Summoner)               Turns: 2178, Time: 00:08:42

Health: -5/31      AC:  3    Str:  8    XL:     4   Next: 14%
Magic:  3/8        EV: 13    Int: 16    God:
Gold:   124        SH:  0    Dex: 14    Spells: 1/8 levels left

rFire   . . .      SeeInvis .   o - +0 trident
rCold   . . .      Faith    .   (no shield)
rNeg    . . .      Spirit   .   a - +0 robe
rPois   .          Reflect  .   (no helmet)
rElec   .          Harm     .   (no cloak)
rCorr   .          Rampage  .   b - +0 pair of gloves
Will    .....                   (no boots)
Stlth   ++........              (no amulet)
HPRegen 0.10/turn               (no ring)
MPRegen 0.11/turn               (no ring)

@: lethally poisoned (-5 -> -27)
A: (nimble swimmer 2), mertail
a: no special abilities


You were on level 1 of the Dungeon.
You visited 1 branch of the dungeon, and saw 2 of its levels.

You collected 124 gold pieces.

Inventory:

Hand Weapons
 m - a +2 dagger of electrocution
 o - a +0 trident (weapon)
Missiles
 l - 54 stones
 n - 2 throwing nets
Armour
 a - a +0 robe (worn)
 b - a +0 pair of gloves (worn)
Scrolls
 c - 3 scrolls of identify {unknown}
 d - a scroll of immolation {unknown}
 e - a scroll of blinking {unknown}
 h - a scroll of enchant weapon {unknown}
 p - a scroll of teleportation {unknown}
Potions
 f - a potion of haste {unknown}
 g - a potion of degeneration {unknown}
 i - a potion of cancellation {unknown}
 j - 2 potions of heal wounds {unknown}
 k - a potion of might {unknown}
 q - a potion of flight {unknown}
 r - a potion of mutation {unknown}


   Skills:
 + Level 0.4 Fighting
 + Level 0.1 Maces & Flails
 + Level 3.0 Dodging
 + Level 2.3 Stealth
 + Level 2.6 Spellcasting
 + Level 4.9 Summonings


You had one spell level left.
You knew the following spells:

 Your Spells              Type           Power      Damage    Failure   Level
a - Summon Small Mammal   Summ           72%        N/A       2%          1
b - Call Canine Familiar  Summ           18%        N/A       8%          3
c - Summon Guardian Gole  Hex/Summ       10%        N/A       22%         3

Your spell library contained the following spells:

 Spells                   Type           Power      Damage    Failure   Level
 Beastly Appendage        Tmut           4%         N/A       19%         1
 Call Imp                 Summ           18%        N/A       3%          2
 Wereblood                Tmut           2%         N/A       28%         2
 Spider Form              Tmut/Pois      2%         N/A       50%         3
 Summon Lightning Spire   Summ/Air       10%        N/A       56%         4
 Storm Form               Tmut/Air       1%         N/A       100%        7
 Maxwell's Capacitive Co  Air            1%         ∞         100%        8


Dungeon Overview and Level Annotations

Branches:
Dungeon (2/15)

Altars:

Shops:
D:1 [

Annotations:
D:1 exclusion: downstairs
D:2 Sigmund


Innate Abilities, Weirdness & Mutations

((You are very nimble when in or above water. (Stealth+, EV+, Speed+++)))
Your lower body shifts to a powerful aquatic tail in water.


Message History

You could not reach far enough!
Sigmund hits you from afar with a +1 scythe of venom.
You are poisoned.
Your hound bites Sigmund.
Reach: o) +0 trident
Press: ? - help, Dir - move target, f/p - Sigmund
Aim: Sigmund, wielding a +1 scythe of venom and wearing a +0 robe (lightly wounded, ally target, about 48% to evade your +0 trident)
You reach to attack!
You barely miss Sigmund.
Sigmund is lightly wounded.
You feel very sick.
Your hound misses Sigmund. x2
Sigmund gestures at you while chanting. The magic dart hits your hound!
Reach: o) +0 trident
Press: ? - help, Dir - move target, f/p - Sigmund
Aim: Sigmund, wielding a +1 scythe of venom and wearing a +0 robe (lightly wounded, ally target, about 48% to evade your +0 trident)
You could not reach far enough!
You feel sick.
Your hound misses Sigmund.
Sigmund mumbles some strange words.
Sigmund flickers and vanishes!
Deactivating autopickup; reactivate with Ctrl-A.
Your hound bites something.
You feel sick.
Your hound bites something.
Your hound barely misses something.
You feel sick.
Your magical contamination has completely faded away.
You feel sick.
Your hound bites something but does no damage.
Something hits you.
You are more poisoned.
Your hound bites something.
You feel sick.
Your hound bites something.
Something hits you!
* * * LOW HITPOINT WARNING * * *
You are lethally poisoned!
There is a stone staircase leading up here.
* * * LOW HITPOINT WARNING * * *
You feel extremely sick.
Your hound bites something. x2
You climb upwards.
Level annotation: exclusion: downstairs Reactivating autopickup.
You die...

.#...#.......#
##.#.#.......# ############
.#.#.#.......# #..........#
.#.#.#.......####..........#
.#.#.#..........#..........#
.#.#.#..........#..........#
.....#..........#..........#
##.####.........#..........#
................@..........#
##.####....................#
.................#........##
.......#.#######)#........#
.......#..................#
...#.#..................†.#
.....#....................#
...#.#.............##....##
######.##.............####


There were no monsters in sight!

Vanquished Creatures
  A worm (D:2)
  A dart slug (D:2)
  2 endoplasms (D:1)
  2 giant cockroaches (D:1)
  A goblin (D:1)
  2 hobgoblins (D:2)
  A ball python (D:1)
  3 bats
  A kobold (D:1)
  A rat (D:1)
15 creatures vanquished.

Vanquished Creatures (collateral kills)
  A worm (D:2)
  2 dart slugs (D:1)
  7 endoplasms
  2 giant cockroaches
  3 goblins
  A hobgoblin (D:2)
  3 jackals (D:2)
  2 quokkas (D:1)
  6 ball pythons (D:1)
  A frilled lizard (D:1)
  3 kobolds
  2 rats (D:1)
33 creatures vanquished.

Grand Total: 48 creatures vanquished

Notes
Turn   | Place    | Note
-------+----------+-------------------------------------------
     0 | D:1      | themarg the Merfolk Summoner began the quest for the Orb.
     0 | D:1      | Reached XP level 1. HP: 13/13 MP: 3/3
   441 | D:1      | Reached XP level 2. HP: 14/19 MP: 3/5
   836 | D:1      | Reached XP level 3. HP: 20/24 MP: 3/6
   937 | D:1      | Learned a level 3 spell: Call Canine Familiar
  1191 | D:1      | Found Dumusaju's Antique Armour Boutique.
  1235 | D:1      | Found a faded altar of an unknown god.
  1670 | D:2      | Noticed Sigmund
  1930 | D:2      | Reached XP level 4. HP: 30/30 MP: 3/7
  1939 | D:2      | Learned a level 3 spell: Summon Guardian Golem
  2178 | D:1      | Succumbed to Sigmund's poison

Illustrated notes

Levels and vault maps discovered:
D:1:      erik_arrival_cave_to_civilisation [erik_arrival_cave_to_hall],
          layout_basic, serial_shops, nicolae_shop_trees,
          ebering_ecumenical_altar_webs, minmay_hexomino_c4
D:2:      layout_rooms, minivault_19, roderic_serpentine_path,
          lemuel_flame_loot_1, uniq_crazy_yiuf_cottage, uniq_sigmund

Skill      XL: |  1  2  3 |
---------------+----------+-----
Dodging        | 3 |  3.0
Fighting       | |  0.4
Maces & Flails | |  0.1
Stealth        | |  2.3
Spellcasting   | |  2.6
Summonings     | |  4.9

Action                   |  1- 3 |  4- 6 || total
-------------------------+-------+-------++-------
Melee: Club              |    42 |       ||    42
       Unarmed           |     6 |       ||     6
       Dagger            |    13 |       ||    13
       Trident           |     9 |     6 ||    15
 Cast: Summon Small Mamm |    22 |       ||    22
       Call Canine Famil |    13 |     3 ||    16
 Stab: Sleeping          |     2 |       ||     2
Armor: Robe              |    10 |       ||    10
Dodge: Dodged            |    48 |     2 ||    50
